 Dungeon Crawl Stone Soup version 0.15.0-27-gbdb0435 (console) character file.

16242 gw the Grappler (level 12, -1/118 HPs)
             Began as a Troll Monk on Sept 11, 2014.
             Was a High Priest of Qazlal.
             Slain by a nine-headed hydra (12 damage)
             ... on Level 1 of the Lair of Beasts.
             The game lasted 00:12:12 (13356 turns).

gw the Grappler (Troll Monk)                       Turns: 13356, Time: 00:12:12

HP  -1/118       AC 11     Str 22      XL: 12   Next:  8%
MP  22/22        EV 14     Int  6      God: Qazlal [*****.]
Gold 0           SH  7     Dex 16      Spells:  0 memorised, 11 levels left

rFire  . . .     SeeInvis .       - Unarmed
rCold  + . .     Clarity  .     x - +0 steam dragon armour
rNeg   . . .     rCorr    +     (shield restricted)
rPois  .         rRot     .     (helmet restricted)
rElec  .         Spirit   .     (no cloak)
SustAb .         Warding  .     (gloves unavailable)
rMut   .         Stasis   .     (boots unavailable)
Gourm  +                        y - amulet of resist corrosion
MR     ++...                    r - ring of protection from cold
                                o - ring of protection from magic

@: short of breath, protected from physical damage, repel missiles, very
resistant to hostile enchantments, very unstealthy
A: unfitting armour, claws 3, horns 1, fast metabolism 3, gourmand, magic
resistance 1, regeneration 2, saprovore 2, shaggy fur 1, spit poison 1, tough
skin 2
a: Spit Poison, Upheaval, Elemental Force, Disaster Area, Renounce Religion


You were on level 1 of the Lair of Beasts.
You worshipped Qazlal.
Qazlal was extremely pleased with you.
You were very full.

You visited 2 branches of the dungeon, and saw 12 of its levels.
You also visited: Sewer and Ossuary.

Inventory:

Missiles
 d - 276 stones
 w - 3 large rocks (quivered)
 B - a tomahawk
Armour
 x - a +0 steam dragon armour (worn)
Magical devices
 c - a wand of frost (12)
 i - a wand of enslavement (12)
 k - a wand of draining (3)
 m - a wand of polymorph (7)
 z - a wand of cold (5)
 A - a wand of slowing (8)
 C - a wand of digging (11)
Comestibles
 a - 5 rotting chunks of yak flesh
 b - 11 meat rations
 g - 4 bread rations
 h - 3 beef jerkies
 q - 8 slices of pizza
 s - 12 fruits
 D - a royal jelly
Scrolls
 e - 7 scrolls of remove curse
 j - 2 scrolls of recharging
 t - 4 scrolls of identify
 u - a scroll of summoning {unknown}
 v - 3 scrolls of enchant weapon
Jewellery
 o - a ring of protection from magic (left claw)
 r - a ring of protection from cold (right claw)
 y - an amulet of resist corrosion (around neck)
Potions
 f - 13 potions of curing
 l - 2 potions of flight
 n - 2 potions of heal wounds
 p - a potion of resistance


   Skills:
 + Level 7.1 Fighting
 + Level 7.3 Throwing
 + Level 7.3 Dodging
 - Level 1.1 Stealth
 + Level 10.1 Unarmed Combat
 * Level 9.9 Invocations


You had 11 spell levels left.
You didn't know any spells.

Dungeon Overview and Level Annotations

Branches:
Dungeon (11/15)               Orc (0/4) D:11           Lair (1/8) D:9
 Temple: D:4-7

Altars:
Fedhas
Qazlal
Yredelemnul
The Shining One
Beogh

Shops:
D:6 *   D:9 :[*!

Portals:
Trove: D:11 (give 7 potions of haste)

Annotations:
D:7 exclusion: downstairs


Innate Abilities, Weirdness & Mutations

You are too large for most types of armour.
You have claws for hands.
Your metabolism is lightning-fast.
You like to eat raw meat.
You heal very quickly.
You can eat rotten meat.
You are covered in fur (AC +1).
You have very tough skin (AC +2).
You have a pair of small horns on your head.
You are resistant to hostile enchantments.
You can spit poison.


Message History

You headbutt the nine-headed hydra. You claw the nine-headed hydra!
The nine-headed hydra is almost dead.
The nine-headed hydra bites you!
You feel more protected from physical attacks.
The nine-headed hydra bites you. The nine-headed hydra bites you!
The nine-headed hydra bites you. The nine-headed hydra bites you!
You feel more protected from physical attacks.
The nine-headed hydra bites you!
The nine-headed hydra closely misses you.
The nine-headed hydra bites you. x2
You feel more protected from physical attacks.
Drink which item? (? for menu, Esc to quit)
You feel much better. The nine-headed hydra bites you!
The nine-headed hydra bites you.
You feel more protected from physical attacks.
The nine-headed hydra bites you. The nine-headed hydra bites you!
The nine-headed hydra bites you.
You block the nine-headed hydra's attack.
The nine-headed hydra bites you. The nine-headed hydra bites you!
You die...

.##..#.# #.......#
......((.# # #.......# #.
#.......# #.. #....r..# ##
#...#.......#..#
#....####..##(#
#.....TD......#
############P######.....##
.........# #P.....P#
.........# #P.....##
.....ยค...# ##.....##
..#..+##.## #.......#
#.P....#..# ##.....##
..P!...#.#### ###.....#
#.#......##P#####.#.....#


You could see a nine-headed hydra (bleeding).

Table legend:
 A = Turns spent in this place as a percentage of turns spent in the entire game.
 B = Non-inter-level travel turns spent in this place as a percentage of non-inter-level travel turns spent in the entire game.
 C = Inter-level travel turns spent in this place as a percentage of turns spent in this place.
 D = Turns resting spent in this place as a percentage of non-inter-level travel turns spent in this place.
 E = Turns spent auto-exploring this place as a percentage of non-inter-level travel turns spent in this place.
 F = Non-inter-level travel turns spent in this place divided by the number of levels of this place that you've seen.
                   A       B       C       D       E      F
               +-------+-------+-------+-------+-------+----------------------
         Total | 100.0 | 100.0 |   2.4 |   3.3 |   8.9 | 446.2
       Dungeon |  79.0 |  78.6 |   2.8 |   3.3 |   9.3 | 446.4
          Lair |   7.1 |   7.2 |   2.2 |   3.8 |   7.8 | 447.0
         Sewer |   9.2 |   9.5 |   0.0 |   2.2 |   6.1 | 591.0
       Ossuary |   4.7 |   4.8 |   0.0 |   4.0 |   9.4 | 299.0
               +-------+-------+-------+-------+-------+----------------------

Table legend:
 A = Kills in this place as a percentage of kills in entire the game.
 B = Kills by you in this place as a percentage of kills by you in the entire game.
 C = Kills by friends in this place as a percentage of kills by friends in the entire game.
 D = Other kills in this place as a percentage of other kills in the entire game.
 E = Experience gained in this place as a percentage of experience gained in the entire game.
 F = Experience gained in this place divided by the number of levels of this place that you have seen.
                   A       B       C       D       E      F
               +-------+-------+-------+-------+-------+----------------------
         Total | 100.0 | 100.0 |  -nan |  -nan | 100.0 | 1657.4
       Dungeon |  77.7 |  77.7 |  -nan |  -nan |  77.6 | 1637.0
          Lair |   9.5 |   9.5 |  -nan |  -nan |  21.1 | 4900.0
         Sewer |  10.4 |  10.4 |  -nan |  -nan |   0.7 | 170.0
       Ossuary |   2.4 |   2.4 |  -nan |  -nan |   0.5 | 126.0
               +-------+-------+-------+-------+-------+----------------------

Vanquished Creatures
  A hydra (D:9)
  Erolcha (D:8)
  An unseen horror (D:10)
  An oklob plant (D:11)
  A hill giant (D:10)
  An ugly thing (D:10)
  A cyclops (D:11)
  A spiny frog (Lair:1)
  A gargoyle (D:11)
  A centaur skeleton (D:11)
  A komodo dragon (Lair:1)
  2 trolls
  2 two-headed ogres
  2 wyverns
  15 yaks
  2 wraiths (D:7)
  A hill giant zombie (D:8)
  A hungry ghost (D:10)
  A hippogriff (Lair:1)
  A deep elf fighter (D:9)
  5 wolves (Lair:1)
  A steam dragon (D:11)
  A water moccasin (Lair:1)
  A porcupine (Lair:1)
  A sky beast (D:6)
  A black bear (D:11)
  5 ice beasts
  5 orc warriors
  3 phantoms
  4 ogres
  3 crocodiles
  4 centaurs
  A yellow wasp (D:11)
  Sigmund (D:2)
  Duvessa (D:4)
  4 big kobolds
  5 giant frogs
  An elf zombie (D:7)
  A gnoll sergeant (D:10)
  An eye of draining (D:11)
  6 jellies
  A wyvern skeleton (D:7)
  2 scorpions
  6 killer bees
  2 wights (D:7)
  4 crimson imps
  Dowan (D:4)
  2 giant frog zombies
  A goliath beetle (D:8)
  10 hounds
  A centaur zombie (Ossuary)
  3 human zombies (D:7)
  2 quasits (D:9)
  10 orc priests
  9 orc wizards
  3 iguanas
  10 worker ants
  3 human skeletons (D:7)
  2 sheep (D:9)
  A big kobold zombie (Ossuary)
  Terence (D:2)
  5 mummies
  15 gnolls
  28 green rats
  16 adders
  2 orc skeletons
  2 shadow imps
  3 giant mites
  A gnoll skeleton (D:7)
  3 worms
  5 giant geckos
  3 oozes
  61 orcs
  19 bats
  9 giant cockroaches
  15 hobgoblins
  2 quokkas
  4 ball pythons (Sewer)
  9 giant newts
  2 gnoll zombies (Ossuary)
  5 goblins
  3 goblin zombies
  2 hobgoblin zombies (Ossuary)
  14 jackals
  30 kobolds
  3 orc zombies
  33 rats
  2 ballistomycetes (D:11)
  A butterfly (Ossuary)
  16 fungi (D:9)
  14 plants
494 creatures vanquished.

Vanquished Creatures (others)
  A giant spore (D:11)
1 creature vanquished.

Grand Total: 495 creatures vanquished

Notes
Turn   | Place    | Note
--------------------------------------------------------------
     0 | D:1      | gw, the Troll Monk, began the quest for the Orb.
     0 | D:1      | Reached XP level 1. HP: 22/22 MP: 1/1
   447 | D:1      | Reached XP level 2. HP: 29/29 MP: 1/1
   906 | D:1      | Gained mutation: You are resistant to hostile enchantments. [potion of mutation]
   906 | D:1      | Gained mutation: You have a pair of small horns on your head. [potion of mutation]
   906 | D:1      | Gained mutation: You can spit poison. [potion of mutation]
   944 | D:2      | Reached XP level 3. HP: 36/36 MP: 2/2
   979 | D:2      | Reached skill level 1 in Throwing
  1071 | D:2      | Noticed Terence
  1085 | D:2      | Killed Terence
  1196 | D:2      | Reached XP level 4. HP: 44/44 MP: 2/2
  1308 | D:2      | Noticed Sigmund
  1319 | D:2      | Killed Sigmund
  1319 | D:2      | Reached skill level 5 in Unarmed Combat
  1319 | D:2      | Reached XP level 5. HP: 14/53 MP: 2/2
  2661 | D:3      | Reached XP level 6. HP: 61/61 MP: 3/3
  3044 | D:4      | Noticed Duvessa
  3062 | D:4      | Killed Duvessa
  3064 | D:4      | Noticed Dowan
  3070 | D:4      | Killed Dowan
  3109 | D:4      | Reached skill level 6 in Unarmed Combat
  3260 | D:4      | Found a blossoming altar of Fedhas.
  3657 | D:4      | Found a glowing drain.
  3661 | Sewer    | Entered a sewer
  3687 | Sewer    | Reached XP level 7. HP: 61/67 MP: 3/3
  4616 | D:5      | Entered Level 5 of the Dungeon
  4773 | D:5      | Found a stormy altar of Qazlal.
  4783 | D:5      | Became a worshipper of Qazlal Stormbringer
  4783 | D:5      | Acquired Qazlal's first power
  4783 | D:5      | Acquired Qazlal's second power
  4934 | D:5      | Reached skill level 1 in Invocations
  5319 | D:6      | Reached skill level 7 in Unarmed Combat
  5319 | D:6      | Reached XP level 8. HP: 78/78 MP: 4/5
  5462 | D:6      | Found a glowing golden altar of the Shining One.
  5699 | D:6      | Found Itutz's Assorted Antiques.
  5908 | D:6      | Found a sand-covered staircase.
  5953 | Ossuary  | Entered an ossuary
  6528 | D:7      | Acquired Qazlal's third power
  6884 | D:7      | Reached XP level 9. HP: 30/85 MP: 11/11
  7165 | D:7      | Found a basalt altar of Yredelemnul.
  7191 | D:7      | Reached skill level 5 in Invocations
  7244 | D:7      | Reached skill level 5 in Dodging
  7424 | D:8      | Reached skill level 8 in Unarmed Combat
  7561 | D:8      | Acquired Qazlal's fourth power
  7566 | D:8      | Reached skill level 5 in Fighting
  7620 | D:8      | Reached skill level 5 in Throwing
  7902 | D:8      | Noticed Erolcha
  7908 | D:8      | Killed Erolcha
  7908 | D:8      | Reached XP level 10. HP: 96/96 MP: 14/16
  8462 | D:9      | Acquired Qazlal's fifth power
  8491 | D:9      | Found Xoirimywua's Distillery.
  9034 | D:9      | Noticed a two-headed hydra
  9083 | D:9      | Killed a six-headed hydra
  9083 | D:9      | Reached skill level 9 in Unarmed Combat
  9325 | D:9      | Found Wuluh's Book Shop.
  9415 | D:9      | Found Fas Schyane's General Store.
  9468 | D:9      | Found Afism's Armour Shoppe.
  9555 | D:9      | Found a staircase to the Lair.
  9610 | D:10     | Entered Level 10 of the Dungeon
  9922 | D:10     | Killed an unseen horror
  9922 | D:10     | Reached XP level 11. HP: 67/105 MP: 18/18
 10182 | D:10     | Noticed a cyan ugly thing
 10199 | D:10     | Killed a cyan ugly thing
 10671 | D:10     | Noticed a hill giant
 10674 | D:10     | Killed a hill giant
 11680 | D:11     | Found a portal to a secret trove of treasure.
 11865 | D:11     | Found a roughly hewn altar of Beogh.
 11865 | D:11     | Found a staircase to the Orcish Mines.
 12325 | D:11     | Found a stormy altar of Qazlal.
 12486 | Lair:1   | Entered Level 1 of the Lair of Beasts
 12797 | Lair:1   | Reached skill level 10 in Unarmed Combat
 12887 | Lair:1   | Reached XP level 12. HP: 115/118 MP: 14/22
 13343 | Lair:1   | Noticed a six-headed hydra
 13356 | Lair:1   | Slain by a nine-headed hydra

Action                   |  1- 3 |  4- 6 |  7- 9 | 10-12 || total
-------------------------+-------+-------+-------+-------++-------
Melee: Unarmed           |    66 |   116 |   370 |   426 ||   978
Throw: Stone             |    68 |   144 |    83 |    88 ||   383
       Large rock        |       |       |    62 |    80 ||   142
       Tomahawk          |       |       |    54 |    89 ||   143
Invok: Disaster Area     |       |       |       |     3 ||     3
 Abil: Spit Poison       |     5 |     7 |    41 |    85 ||   138
Evoke: Wand              |       |     1 |     4 |     9 ||    14
  Use: Potion            |     2 |     6 |    15 |     6 ||    29
       Scroll            |     2 |     5 |     5 |    12 ||    24
  Eat: Chunk             |    13 |    26 |    42 |    57 ||   138

Vault maps used:
D:1:      dpeg_arrival_long_road
D:2:      uniq_terence, uniq_sigmund
D:3:      first_bread
D:4:      overflow_temple_1_default, gup_sewer_entry_bowl, uniq_natasha,
          uniq_duvessa
D:5:      lemuel_crystal_altar, minmay_holes, minmay_misc_feat_room,
          lexackson_kobold_supper
D:6:      tso_oasis_becter, minmay_temple_entry_mist,
          nicolae_ossuary_entry_giza, serial_shops, shop_fountains, uniq_edmund
D:7:      lemuel_mausoleum_altar_yredelemnul
D:8:      uniq_erolcha
D:9:      grunt_lair_entry_elf_guard_hut, serial_shops, kennysheep_mini_moat,
          kennysheep_mini, shop, shop, hangedman_ranch
D:11:     david_orc_5, trove_entry_hex_spiral, lemuel_oklob_altar
Lair:1:   tgw_fedhas, grunt_megastairs_4
Sewer:    sewer_minmay_treatment
Ossuary:  ossuary_crypta
